 Dungeon Crawl Stone Soup version 0.19.3 (webtiles) character file.

264 Mefis the Magician (level 5, -3/28 HPs)
             Began as a Deep Elf Wizard on Jan 22, 2017.
             Slain by a scorpion (8 damage)
             ... on level 4 of the Dungeon.
             The game lasted 00:08:11 (4421 turns).

Mefis the Magician (Deep Elf Wizard)                Turns: 4421, Time: 00:08:12

Health: -3/28      AC:  4    Str:  4    XL:     5   Next: 98%
Magic:  1/15       EV: 10    Int: 24    God:
Gold:   169        SH:  0    Dex: 18    Spells: 6 memorised, 3 levels left

rFire  . . .     SeeInvis .     k - +2 short sword (protect)
rCold  . . .     Gourm    .     a - +0 robe
rNeg   . . .     Faith    .     (no shield)
rPois  +         Spirit   .     b - +0 hat
rElec  .         Reflect  .     j - +0 cloak
rCorr  .         Harm     .     g - +0 pair of gloves
MR     .....     Clarity  +     (no boots)
Stlth  ++++......               (no amulet)
                                (no ring)
                                (no ring)

@: agile, held
A: clarity, poison resistance, screaming 1, MP-powered wands
a: no special abilities


You were on level 4 of the Dungeon.
You were hungry.

You visited 1 branch of the dungeon, and saw 4 of its levels.

You collected 169 gold pieces.

Inventory:

Hand Weapons
 f - a +0 dagger
 k - a +2 short sword of protection (weapon)
Missiles
 e - 12 sling bullets
Armour
 a - a +0 robe (worn)
 b - a +0 hat (worn)
 g - a +0 pair of gloves (worn)
 j - a +0 cloak (worn)
Scrolls
 i - 2 scrolls of remove curse {unknown}
 m - a scroll of magic mapping {unknown}
 p - a scroll of noise {unknown}
Potions
 h - 4 potions of curing {unknown}
 n - a potion of haste {unknown}
Books
 c - a book of Minor Magic

   Spells                             Type                      Level
   a - Magic Dart                     Conjuration                  1
   b - Blink                          Translocation                2
   c - Call Imp                       Summoning                    2
   d - Repel Missiles                 Charms/Air                   2
   e - Slow                           Hexes                        2
   f - Conjure Flame                  Conjuration/Fire             3
   g - Mephitic Cloud                 Conjuration/Poison/Air       3
Comestibles
 d - 3 bread rations
 l - a meat ration
 o - a slice of pizza


   Skills:
 + Level 3.7 Dodging
 + Level 4.0 Stealth
 * Level 6.0 Spellcasting
 + Level 2.8 Conjurations
 - Level 1.1 Summonings
 - Level 1.1 Translocations
 + Level 1.4 Air Magic
 + Level 2.0 Poison Magic


You had 3 spell levels left.
You knew the following spells:

 Your Spells              Type           Power        Failure   Level  Hunger
a - Magic Dart            Conj           ###.         2%          1    None
b - Call Imp              Summ           ##......     10%         2    None
c - Blink                 Tloc           N/A          10%         2    None
d - Repel Missiles        Chrm/Air       ##....       12%         2    None
e - Mephitic Cloud        Conj/Pois/Air  ###.....     12%         3    #......
f - Conjure Flame         Conj/Fire      ##......     17%         3    #......


Dungeon Overview and Level Annotations

Branches:
Dungeon (4/15)
 Temple: D:4-7

Altars:
The Shining One


Innate Abilities, Weirdness & Mutations

You possess an exceptional clarity of mind.
Your system is resistant to poisons. (rPois)
You occasionally shout uncontrollably at your foes.
You expend magic power (3 MP) to strengthen your wands.


Message History

You become entangled in the net!
Your crimson imp hits the howler monkey.
The howler monkey barely misses your crimson imp.
You feel agile all of a sudden. The scorpion barely misses you.
Your crimson imp hits the howler monkey.
The howler monkey barely misses your crimson imp.
You struggle against the net.
The scorpion completely misses you.
The howler monkey closely misses your crimson imp.
Your crimson imp hits the howler monkey.
You struggle against the net.
The scorpion barely misses you.
The howler monkey hoots and howls with incredible vigour!
Your crimson imp hits the howler monkey.
You tear a large gash into the net.
The scorpion barely misses you.
The howler monkey barely misses your crimson imp.
Your crimson imp closely misses the howler monkey.
You struggle against the net.
The howler monkey barely misses your crimson imp.
The scorpion stings you!
You die...

..................##.........
..........######..##.........
#.#.#.......# #.............
..........#.## ##.###........
..#.#......lZ# #.# #########
#........###{# #.#
###.####..#[#h# #.#
....####..###5# #.#
#........gs@# #.#
#.#.#...#o### #.# #.....#'#.#
#.# #.#.#.).... #.....o....#
#.......[.. #.........#g
#...........g ............


You could see a scorpion, a howler monkey, a gnoll, an orc, a frilled lizard, a
quokka skeleton and a friendly crimson imp.

Vanquished Creatures
  A phantom (D:4)
  A hound skeleton (D:4)
  4 adders
  2 gnolls (D:4)
  An ooze (D:2)
  An adder skeleton (D:3)
  A worm (D:3)
  2 dart slugs
  A leopard gecko (D:1)
  8 orcs
  2 ball pythons (D:2)
  2 giant cockroaches
  9 goblins
  13 hobgoblins
  4 jackals (D:3)
  7 kobolds
  A quokka (D:3)
  13 bats
  3 frilled lizards
  A leopard gecko skeleton (D:4)
  7 rats
84 creatures vanquished.

Vanquished Creatures (collateral kills)
  2 adders
  A kobold (D:2)
  A bat (D:2)
4 creatures vanquished.

Grand Total: 88 creatures vanquished

Notes
Turn   | Place    | Note
-------+----------+-------------------------------------------
     0 | D:1      | Mefis the Deep Elf Wizard began the quest for the Orb.
     0 | D:1      | Reached XP level 1. HP: 10/10 MP: 7/7
   275 | D:1      | Reached XP level 2. HP: 15/15 MP: 2/9
   279 | D:1      | Learned a level 2 spell: Call Imp
   282 | D:1      | Learned a level 2 spell: Blink
   285 | D:1      | Learned a level 2 spell: Repel Missiles
   384 | D:1      | Found a glowing golden altar of the Shining One.
  1062 | D:1      | Reached skill level 5 in Spellcasting
  1211 | D:1      | Reached XP level 3. HP: 19/19 MP: 8/11
  1248 | D:1      | Learned a level 3 spell: Mephitic Cloud
  1712 | D:2      | Gained mutation: You expend magic power (3 MP) to strengthen your wands. [potion of mutation]
  1712 | D:2      | Gained mutation: You occasionally shout uncontrollably at your foes. [potion of mutation]
  1712 | D:2      | Gained mutation: Your system is resistant to poisons. (rPois) [potion of mutation]
  1713 | D:2      | Gained mutation: You possess an exceptional clarity of mind. [potion of beneficial mutation]
  2458 | D:2      | Reached XP level 4. HP: 24/24 MP: 11/13
  2463 | D:2      | Learned a level 3 spell: Conjure Flame
  3202 | D:3      | Reached skill level 1 in Poison Magic
  3206 | D:3      | Reached skill level 1 in Air Magic
  3813 | D:3      | Reached XP level 5. HP: 28/28 MP: 3/14
  4084 | D:4      | Noticed a phantom
  4141 | D:4      | Killed a phantom
  4414 | D:4      | Reached skill level 6 in Spellcasting
  4421 | D:4      | Slain by a scorpion

Skill      XL: |  1  2  3  4  5 |
---------------+----------------+-----
Spellcasting   | 5 6 |  6.0
Dodging        | 3 |  3.7
Stealth        | 3 4 |  4.0
Conjurations   | 2 |  2.8
Poison Magic   | 1 2 |  2.0
Air Magic      | 1 |  1.4
Summonings     | |  1.1
Translocations | |  1.1

Action                   |  1- 3 |  4- 6 || total
-------------------------+-------+-------++-------
Melee: Dagger            |     2 |       ||     2
       Short sword       |     1 |    42 ||    43
 Cast: Magic Dart        |    99 |   124 ||   223
       Repel Missiles    |     1 |       ||     1
       Call Imp          |     3 |     3 ||     6
       Mephitic Cloud    |       |     5 ||     5
       Blink             |       |     1 ||     1
  Use: Potion            |     4 |     1 ||     5
 Stab: Confused          |       |     1 ||     1
       Distracted        |       |     1 ||     1
  Eat: Chunk             |     4 |     5 ||     9
       Fruit             |     1 |       ||     1
Armor: Robe              |     4 |    30 ||    34
Dodge: Dodged            |    21 |    63 ||    84
       Deflected         |     1 |     1 ||     2
